← All builds
Geo / Armada / Economy first / OBSERVED BUILD

Standard geo

Armada Geo build order · Supreme Isthmus

Standard Geo economy play: fast bot lab and geothermal into advanced geothermal and T2 constructor, then brings Starlights and other T2 units forward to front while supplying allies with constructors.

Usually blows up the commander for T2 (67%)

#eco #t2 #team support · 766 distinct matches · 111 players · 58% of Armada Geo games · team won 54% of 861 · Recently observed

HOW TO PLAY IT

Key timing: Geothermal Powerplant by 3:26

  1. Open mex and wind into Bot Lab.
  2. Rush geothermal for the early energy spike.
  3. Add Advanced Metal Extractor, then Advanced Geothermal by 7:07.
  4. Bring up Vehicle Plant alongside T2 con for "Starlight" and vehicles.
  5. Funnel "Starlight" and T1 vehicles to front, pay allies with cons and "Lazarus".

Phase by phase

TYPICAL OF ITS 766 GAMES
  1. 1
  2. 2
  3. 3
  4. 4
PLAY THE OPENING

Follow the example game's first 6:00 step by step: what to build now, what comes next, and where it goes. At 1× it keeps pace with your own game.

  1. 1

    Up to the Bot Lab

    Economy
    • Metal Extractor2Mex
    • Wind Turbine4Wind
    Order
    1. Bot LabBot Lab after 2 mex, 4 winddone ~1:12, middle half 0:58–1:22

    By 0:55 in all: 2 mex · 4 wind

    The example game in this phase · 4 steps
    1. Mex ×3
    2. Wind
    3. Wind ×2for Air
    4. Bot LabBot Labdone 1:13 · typical 1:12
  2. 2

    Bot Lab to 5:00

    Economy
    • Metal Extractor2Mex
    • Wind Turbine3Wind
    • Energy Converter8Converter
    • Energy Storage1Energy storage
    Order
    1. Geothermal PowerplantGeo after 4 mex, 5 wind, 1 energy storage
    Builders
    • Construction Turret5 Con turret
    • Lazarus4 Lazarus
    • Construction Bot2 Con bot
    • Construction Bot1 Con bot for allies
    • Lazarus1 Lazarus for allies

    By 5:00 in all: 4 mex · 7 wind · 1 geo · 8 converter · 1 energy storage · 5 con turret

    The example game in this phase · 14 steps
    1. LazarusLazarus ×4
    2. Construction BotCon bot
    3. Construction BotCon botfor Beach sea
    4. LazarusLazarusfor Beach sea
    5. CenturionCenturion
    6. Geothermal PowerplantGeodone 3:11 · typical 3:26
    7. Mex
    8. Con turret ×2
    9. Converter ×8
    10. Energy storage
    11. Con turret
    12. Energy storage
    13. Con turret
    14. Wind ×4
  3. 3

    5:00 to Vehicle Plant

    Order
    1. Advanced Geothermal PowerplantAdvanced Geothermal Powerplant after 8 wind, 10 converter, 6 con turretin 59% of games
    2. Vehicle PlantVehicle Plant after 10 wind, 10 converter, 6 con turretdone ~7:07, middle half 6:41–7:40
    Builders
    • Construction Turret1 Con turret

    Some games also: converter (49%) · wind (47%)

    By 7:00 in all: 4 mex · 10 wind · 1 geo · 1 Advanced Geothermal Powerplant · 10 converter · 1 energy storage

    The example game in this phase · 10 steps
    1. Wind ×7
    2. Advanced Metal ExtractorT2 mexdone 5:41 · typical 5:34
    3. Wind
    4. Advanced Metal ExtractorT2 mex
    5. Wind
    6. Advanced Metal ExtractorT2 mex
    7. Advanced Geothermal PowerplantAdvanced Geothermal Powerplantdone 6:59 · typical 7:07
    8. Advanced Metal ExtractorT2 mex
    9. Con turret
    10. Vehicle PlantVehicle Plantdone 7:19 · typical 7:07
  4. 4

    Vehicle Plant to 10:00

    Economy
    • Wind Turbine5Wind
    • Energy Converter3Converter
    Order
    1. Advanced Vehicle PlantAdvanced Vehicle Plant after 11 wind, 11 converter, 7 con turret
    Builders
    • Construction Vehicle1 Con vehicle
    Army
    • Starlight2 Starlight
    • Umbra1 Jammer
    • Prophet1 Radar vehicle

    Some games also: con turret (49%) · T2 con vehicle for allies (48%) · Jaguar (31%)

    By 10:00 in all: 4 mex · 20 wind · 1 geo · 1 Advanced Geothermal Powerplant · 16 converter · 1 energy storage

    The example game in this phase · 44 steps
    1. Con turret
    2. Construction VehicleCon vehicle
    3. Advanced Vehicle PlantAdvanced Vehicle Plantdone 7:51 · typical 8:07
    4. Radar TowerRadar Tower
    5. Advanced Construction VehicleT2 con vehiclefor Front
    6. ProphetRadar vehicle
    7. UmbraJammer
    8. StarlightStarlightfor Airdone 8:39 · typical 9:02
    9. Con turret ×2
    10. SentrySentry
    11. StarlightStarlight
    12. SentrySentry
    13. StarlightStarlight
    14. JaguarJaguar
    15. SentrySentry
    16. JaguarJaguar ×2
    17. Wind
    18. JaguarJaguar
    19. Wind
    20. JaguarJaguar
    21. Wind
    22. Mex
    23. JaguarJaguar
    24. Wind
    25. JaguarJaguar
    26. Wind ×2
    27. JaguarJaguar
    28. Wind ×2
    29. JaguarJaguar
    30. Wind ×2
    31. JaguarJaguar
    32. Wind ×2
    33. ShredderShredderfor Airdone 10:53
    34. Wind ×3
    35. ProphetRadar vehiclefor Air
    36. Wind ×2
    37. UmbraJammerfor Air
    38. Wind ×2
    39. StarlightStarlightfor Air
    40. Wind ×6
    41. JaguarJaguar ×5
    42. ShredderShredderfor Air
    43. JaguarJaguar ×3
    44. Mex ×3

Counts are medians over the build's games: half of them build more, half fewer. The example game is Naigel's (47 OS, 03/09/2026); pick another.

Team trades

IN AT LEAST 30% OF ITS GAMES

You hand over

  • Lazarus1 Lazarus to Beach seafirst at 2:16 · in 77% of games
  • Construction Bot1 Con bot to Beach seafirst at 2:30 · in 87% of games
  • Advanced Construction Vehicle1 T2 con vehicle to Suicide front or Frontfirst at 8:52 · in 62% of games

You get

  • Hercules1 Light transport from Airfirst at 4:20 · in 34% of games
  • Advanced Construction Bot1 T2 con bot from Techfirst at 4:48 · in 95% of games

How it plays out

Typical game of this build, running totals by minute

Metal produced

020k40k
0:005:0010:0015:00

metal

Enemy metal destroyed

05k10k15k
0:005:0010:0015:00

metal

Own metal lost

02.5k5k7.5k
0:005:0010:0015:00

metal

861 games.

Show as table
ByMetal produced: This buildEnemy metal destroyed: This buildOwn metal lost: This build
1:0033300
2:0082800
3:00152800
4:00270800
5:00372900
6:00571700
7:00813200
8:0011502021
9:001450151130
10:0017422627320
11:00203962075790
12:002329539821910
13:002609360863295
14:002898884934690
15:0031571103746061
WHAT THE NUMBERS SAY

Standard Geo build dominates the resource numbers, with zero own losses through 10:00 and a huge metal lead by 15:00.

  • + Metal produced hits 31426 by 15:00, highest of all six builds
  • + Own metal lost is 0 by 5:00 and only 334 by 10:00
  • − First Starlight only arrives in 57% of games by 9:19
  • − Advanced geothermal lands in just 69% of games by 7:16
THE EXAMPLE YOU ARE READING

Naigel

47.4 OS · 03/09/2026

Open source match ↗

2 received units · includes a constructor
510 metal received · 27693 energy received

Allied construction assistance is unknown. Timings are observations, not a promise of solo reproducibility.

Typical milestones

Bot Lab1:12Middle 50%: 0:58–1:22 · n=860
Geothermal Powerplant3:26Middle 50%: 3:10–3:42 · n=858
Advanced Metal Extractor5:34Middle 50%: 5:18–5:56 · n=857
Advanced Geothermal Powerplant7:07Middle 50%: 6:49–7:34 · n=620
Vehicle Plant7:07Middle 50%: 6:41–7:40 · n=819
Advanced Vehicle Plant8:07Middle 50%: 7:41–8:47 · n=780
Starlight9:02Middle 50%: 8:32–9:51 · n=685

Played most by

0neTw086games of this buildzeus_on_god86games of this buildViltrum54games of this buildDamsko44games of this buildXad44games of this build